 Dungeon Crawl Stone Soup version 0.32-a0-705-g60f233581c (webtiles) character file.

Game seed: 13414102233328170068

6164 hikkokomori the Skirmisher (level 10, -7/79 HPs)
             Began as a Coglin Hunter on Mar 14, 2024.
             Was a High Priest of Okawaru.
             Killed by divine providence
             ... invoked by an orc priest
              (14 damage)
             ... on level 10 of the Dungeon.
             The game lasted 00:18:46 (8433 turns).

hikkokomori the Skirmisher (Coglin Hunter)          Turns: 8433, Time: 00:18:46

Health: -7/79      AC: 10    Str: 15    XL:     10   Next: 90%
Magic:  14/14      EV: 15    Int:  8    God:    Okawaru [*****.]
Gold:   568        SH:  0    Dex: 22    Spells: 9/9 levels left

rFire   . . .        a - +2 sling (drain) {Wilfried}
rCold   . . .        d - +0 sling (freeze) {Vikramjeet}
rNeg    . . .        F - +0 steam dragon scales
rPois   .            t - +0 helmet
rElec   .            (no cloak)
rCorr   .            O - +2 pair of gloves {Str+3}
SInv    .            E - +0 pair of boots
Will    .....        (amulet unavailable)
Stlth   ++           (ring unavailable)
HPRegen 0.33/turn    (ring unavailable)
MPRegen 0.14/turn    (no gizmo)

%: no passive effects
@: revving
A: off-hand wielding, slow wielding, warmup strikes, no jewellery
a: Invent Gizmo, Renounce Religion, Heroism, Finesse, Duel


You were on level 10 of the Dungeon.
You worshipped Okawaru.
Okawaru was extremely pleased with you.
You visited 2 branches of the dungeon, and saw 11 of its levels.

You collected 706 gold pieces.
You spent 138 gold pieces at shops.

Inventory:

Hand Weapons
 a - a +2 sling of draining (weapon) {Wilfried}
 d - a +0 sling of freezing (offhand) {Vikramjeet}
 G - a +4 scimitar
 J - a +2 arbalest of draining
 S - a +0 double sword
Missiles
 y - 6 throwing nets
Armour
 g - a +0 robe of fire resistance
 t - a +0 helmet (worn)
 E - a +0 pair of boots (worn)
 F - +0 steam dragon scales (worn)
 N - a +0 robe of willpower
 O - a +2 pair of gloves of strength (worn)
Talismans
 u - a granite talisman
Wands
 c - a wand of polymorph (6)
 p - a wand of paralysis (2)
 H - a wand of light (7)
 P - a wand of iceblast (6)
Scrolls
 b - a scroll of butterflies
 e - a scroll of amnesia
 h - 3 scrolls of revelation
 l - 2 scrolls of blinking {unknown}
 m - 2 scrolls of torment {unknown}
 n - 5 scrolls of teleportation
 q - 4 scrolls of enchant weapon {unknown}
 r - a scroll of acquirement {unknown}
 s - 2 scrolls of noise {unknown}
 x - 2 scrolls of immolation {unknown}
 z - a scroll of summoning {unknown}
 C - a scroll of fear {unknown}
 I - a scroll of poison {unknown}
 M - a scroll of vulnerability {unknown}
 Q - 3 scrolls of fog
 R - a scroll of enchant armour {unknown}
 T - a scroll of brand weapon
Potions
 f - 3 potions of resistance
 i - 3 potions of ambrosia
 j - 3 potions of curing
 k - 2 potions of might {unknown}
 o - a potion of mutation
 v - a potion of magic
 w - a potion of attraction {unknown}
 A - 2 potions of berserk rage
 B - a potion of enlightenment {unknown}
 D - a potion of lignification {unknown}
 K - a potion of brilliance {unknown}
 L - a potion of heal wounds {unknown}
 U - a potion of haste {unknown}


   Skills:
 + Level 7.5 Fighting
 - Level 10.1 Ranged Weapons
 + Level 5.3 Dodging
 - Level 2.0 Stealth
 + Level 5.4 Invocations
 + Level 2.9 Evocations
 - Level 3.1 Shapeshifting


You had 9 spell levels left.
You didn't know any spells.
Your spell library was empty.

Dungeon Overview and Level Annotations

Branches:
Dungeon (10/15)            Temple (1/1) D:4            Lair (0/5) D:8
    Orc (0/2) D:10

Altars:
Ashenzari
Cheibriados
Dithmenos
Elyvilon
Fedhas
Gozag
Hepliaklqana
Kikubaaqudgha
Makhleb
Nemelex Xobeh
Okawaru
Qazlal
Ru
Sif Muna
Trog
Uskayaw
Vehumet
Wu Jian
Xom
Yredelemnul
Zin
The Shining One
Beogh

Shops:
D:3 *

Annotations:
D:1 exclusion: downstairs
D:4 1 runed translucent door, runemasterragnar's ghost, novice CoAr


Innate Abilities, Weirdness & Mutations

You can wield a second weapon in your off-hand.
It takes a long time for you to wield or remove held weapons.
Your first few attacks do less damage.
You cannot equip rings or amulets.


Message History

You shoot a sling bullet. The sling bullet hits the orc warrior.
The sling bullet freezes the orc warrior.
The orc warrior is severely wounded.
Fire: a) +2 sling (drain) {Wilfried}
Press: ? - help, Shift-Dir - straight line, f/p - orc warrior
Aim: an orc warrior, wielding a +2 heavy dire flail and wearing a +0 chain mail (severely wounded, paralysed, 98% to hit)
You shoot a sling bullet.
The sling bullet hits the orc warrior but does no damage.
The orc warrior is severely wounded.
You shoot a sling bullet. The sling bullet hits the orc warrior.
The sling bullet freezes the orc warrior.
The orc warrior is almost dead.
The orc warrior is no longer paralysed.
Aiming: Iceblast
Press: ? - help, Shift-Dir - straight line, p - orc warrior
Okay, then.
The orc priest calls down the wrath of Beogh upon you.
Beogh smites you!
* * * LOW HITPOINT WARNING * * *
You see here a scroll labelled AKLILAFUSALE.
Aiming: Bolt of Light
Press: ? - help, Shift-Dir - straight line, f - orc, p - orc warrior
Aim: an orc, wielding a +0 whip (74% to hit)
Out of range.
Okay, then.
Okay, then.
Unknown command.
Okay, then.
Aiming: Iceblast
Press: ? - help, Shift-Dir - straight line, f/p - orc warrior
Aim: an orc warrior, wielding a +2 heavy dire flail and wearing a +0 chain mail (almost dead)
The mass of ice explodes!
The iceblast engulfs the orc warrior!
You kill the orc warrior!
Okawaru accepts your kill.
The iceblast engulfs the orc priest!
The orc priest is almost dead.
You hear a shout! x2
The orc priest calls down the wrath of Beogh upon you.
Beogh smites you!
You die...

#.......ßo.⌠.
#......o'o...
#......)ßo. #....o..#
#.......#####
#...)........
#.)..........
##########ooo.........
#....@...)....#######.
#.......(.....# #.
#.########....# #. #
#....# #.
#....#######.
#............
#............
.....######## #


You could see 2 orc priests and an orc.

Vanquished Creatures
  A two-headed ogre (D:8)
  A troll (D:8)
  Sigmund (D:2)
  5 yaks (D:8)
  2 steam dragons
  Menkaure (D:6)
  2 water moccasins
  An acid dragon (D:10)
  An ice beast (D:7)
  2 sky beasts (D:7)
  4 orc warriors
  A black bear (D:5)
  4 centaurs
  A phantom (D:6)
  2 bullfrogs (D:8)
  2 gnoll sergeants
  A scorpion (D:7)
  10 wights
  An oklob sapling (D:4)
  11 killer bees
  4 electric eels
  5 howler monkeys
  2 bombardier beetles (D:3)
  3 hounds
  4 jellies
  A gnoll bouda (D:3)
  2 orc priests
  2 sleepcaps
  Terence (D:2)
  2 iguanas
  5 orc wizards
  17 gnolls
  13 adders
  A shadow imp (D:5)
  A white imp (D:6)
  2 ufetubi (D:6)
  3 dart slugs
  2 ribbon worms
  18 orcs
  8 endoplasms
  A giant cockroach (D:1)
  5 hobgoblins
  2 jackals (D:4)
  6 kobolds
  6 quokkas
  12 ball pythons
  7 bats
  4 frilled lizards
  10 goblins
  5 rats
208 creatures vanquished.

Vanquished Creatures (others)
  A yak (D:8)
  A human (D:8)
  An orc (D:9)
3 creatures vanquished.

Grand Total: 211 creatures vanquished

Notes
Turn   | Place    | Note
-------+----------+-------------------------------------------
     0 | D:1      | hikkokomori the Coglin Hunter began the quest for the Orb.
     0 | D:1      | Reached XP level 1. HP: 16/16 MP: 1/1
   108 | D:1      | Reached skill level 1 in Stealth
   142 | D:1      | Reached XP level 2. HP: 20/22 MP: 2/2
   366 | D:1      | Reached XP level 3. HP: 28/28 MP: 3/3
   898 | D:2      | Noticed Sigmund
  1163 | D:2      | Killed Sigmund
  1164 | D:2      | Reached skill level 4 in Ranged Weapons
  1164 | D:2      | Reached XP level 4. HP: 31/37 MP: 4/4
  1164 | D:2      | Reached XP level 5. HP: 36/42 MP: 5/5
  1344 | D:2      | Reached XP level 6. HP: 48/48 MP: 6/6
  1437 | D:2      | Noticed Terence
  1442 | D:2      | Killed Terence
  1445 | D:2      | Reached skill level 5 in Ranged Weapons
  2052 | D:3      | Found a faded altar of an unknown god.
  2142 | D:3      | Reached skill level 5 in Fighting
  2228 | D:3      | Reached XP level 7. HP: 56/56 MP: 7/7
  2250 | D:3      | Found Moipnum's General Store.
  2259 | D:3      | Bought a scroll of identify for 24 gold pieces
  2262 | D:3      | Bought a scroll of identify for 24 gold pieces
  2262 | D:3      | Bought a scroll of teleportation for 36 gold pieces
  2262 | D:3      | Bought a +0 pair of gloves for 54 gold pieces
  2579 | D:4      | You fall into a shaft and drop 2 floors!
  2597 | D:5      | Entered Level 5 of the Dungeon
  2606 | D:5      | Reached skill level 6 in Ranged Weapons
  2719 | D:4      | Found a staircase to the Ecumenical Temple.
  2815 | Temple   | Entered the Ecumenical Temple
  2830 | Temple   | Became a worshipper of Warmaster Okawaru
  2914 | D:4      | Found a runed translucent door.
  3016 | D:4      | Found a sacrificial altar of Ru.
  3299 | D:4      | Reached skill level 1 in Invocations
  3670 | D:4      | Noticed runemasterragnar's ghost (novice CoAr)
  3977 | D:5      | Reached skill level 7 in Ranged Weapons
  3977 | D:5      | Reached XP level 8. HP: 62/62 MP: 9/9
  4215 | D:6      | Reached * piety under Okawaru
  4270 | D:6      | Found a hazy altar of Hepliaklqana.
  4417 | D:6      | Reached skill level 8 in Ranged Weapons
  4556 | D:6      | Found a broken altar of Ashenzari.
  4688 | D:6      | Noticed Menkaure
  4694 | D:6      | Killed Menkaure
  4947 | D:6      | Found a glowing golden altar of the Shining One.
  5028 | D:6      | Found a sparkling altar of Nemelex Xobeh.
  5029 | D:6      | Found a basalt altar of Yredelemnul.
  5031 | D:6      | Found a shadowy altar of Dithmenos.
  5031 | D:6      | Found a white marble altar of Elyvilon.
  5167 | D:7      | Reached ** piety under Okawaru
  5168 | D:7      | Reached skill level 9 in Ranged Weapons
  5173 | D:6      | Reached XP level 9. HP: 35/68 MP: 11/11
  5577 | D:7      | Reached skill level 10 in Ranged Weapons
  6327 | D:8      | Noticed a troll
  6328 | D:8      | Noticed a two-headed ogre
  6333 | D:8      | Reached *** piety under Okawaru
  6335 | D:8      | Reached skill level 1 in Shapeshifting
  6337 | D:8      | Reached XP level 10. HP: 59/76 MP: 10/13
  6343 | D:8      | Killed a two-headed ogre
  6343 | D:8      | Reached **** piety under Okawaru
  6439 | D:8      | Found a staircase to the Lair.
  6487 | D:8      | Found an ancient bone altar of Kikubaaqudgha.
  7607 | D:9      | Reached skill level 5 in Invocations
  7674 | D:9      | Reached skill level 5 in Dodging
  7674 | D:9      | Reached skill level 1 in Evocations
  8034 | D:10     | Entered Level 10 of the Dungeon
  8102 | D:10     | Reached ***** piety under Okawaru
  8401 | D:10     | Found a roughly hewn altar of Beogh.
  8401 | D:10     | Found a staircase to the Orcish Mines.
  8433 | D:10     | Killed from afar by an orc priest

Illustrated notes

Levels and vault maps discovered:
D:1:      elethiomel_arrival_fortress_basement, layout_basic,
          minmay_pentomino_z2
D:2:      layout_loops_corners, uniq_sigmund, uniq_terence
D:3:      layout_loops_cross, serial_glass, glass_columns_c, glass_columns_b,
          glass_columns_a, glass_columns_a, glass_columns_b, serial_shops, shop,
          ebering_ecumenical_altar_petrified, kennysheep_generic_room_15
D:4:      layout_loops_corners, mainiacjoe_overflow_concentric_impassable,
          minmay_temple_entry_oklob, ebering_ghost_reflecting_pool
D:5:      layout_basic, amethyst_killhole
D:6:      layout_loops_cross, mainiacjoe_overflow_tiny_flanked,
          amcnicky_altar_gilded, mainiacjoe_overflow_alcove_3,
          old_standard_altar, chequers_hall_statues_wall_a, uniq_menkaure
D:7:      layout_rooms, chequers_big_river
D:8:      layout_loops_corners, tgw_kikubaaqudgha, dpeg_oklobed_lair,
          grunt_decor_one_mirror
D:9:      layout_cave_pools, water_maze_lemuel
D:10:     layout_small_grid, david_orc_5
Temple:   nicolae_temple_ecumenical_triangle

Skill      XL: |  1  2  3  4  5  6  7  8  9 10 |
---------------+-------------------------------+-----
Stealth        | 1 2 |  2.0
Dodging        | 2 3 5 |  5.3
Fighting       | 4 5 6 7 |  7.5
Ranged Weapons | 4 5 7 9 10 | 10.1
Invocations    | 2 3 4 5 |  5.4
Shapeshifting  | 1 3 |  3.1
Evocations     | 2 |  2.9

Action                     |  1- 3 |  4- 6 |  7- 9 | 10-12 || total
---------------------------+-------+-------+-------+-------++-------
   Fire: Sling             |   128 |   184 |   530 |   304 ||  1146
 Invoke: Heroism           |       |       |     2 |     1 ||     3
  Evoke: Wand              |       |       |     1 |     9 ||    10
    Use: Scroll            |     5 |       |     6 |       ||    11
         Potion            |       |       |       |     1 ||     1
 Armour: Leather armour    |    13 |     4 |    29 |       ||    46
         Steam dragon scal |       |       |    24 |    24 ||    48
  Dodge: Dodged            |     5 |     4 |    42 |    35 ||    86

Table legend: (Time is in decaauts)
 A = Elapsed time spent in this place.
 B = Non-inter-level travel time spent in this place.
 C = Inter-level travel time spent in this place.
 D = Time resting spent in this place.
 E = Time spent auto-exploring this place.
 F = Levels seen in this place.
 G = Mean time per level.
                   A        B        C        D        E       F      G
               +--------+--------+--------+--------+--------+-----+--------+
         Total |   8468 |   7937 |    531 |    426 |   6279 |  11 |  769.8 |
       Dungeon |   8402 |   7871 |    531 |    426 |   6279 |  10 |  840.2 |
        Temple |     65 |     65 |      0 |      0 |      0 |   1 |   65.0 |
               +--------+--------+--------+--------+--------+-----+--------+

Top non-repeatable levels by time:
     D:6: 1133 daAuts
     D:7: 1041 daAuts
     D:2: 1006 daAuts
     D:4: 994 daAuts
     D:1: 974 daAuts
     D:8: 949 daAuts
     D:3: 737 daAuts
     D:5: 608 daAuts
     D:9: 564 daAuts
    D:10: 393 daAuts
  Temple: 65 daAuts
